 Dungeon Crawl Stone Soup version 0.31-a0-180-g519b7de00c (webtiles) character file.

Game seed: 11959282826391631415

77 qw the Shooter (level 4, -4/40 HPs)
             Began as a Naga Hunter on June 19, 2023.
             Killed from afar by Ijyb (8 damage)
             ... with a bolt of dispelling energy
             ... on level 3 of the Dungeon.
             The game lasted 00:00:37 (2154 turns).

qw the Shooter (Naga Hunter)                        Turns: 2154, Time: 00:00:37

Health: -4/40      AC:  3    Str: 13    XL:     4   Next: 33%
Magic:  4/4        EV:  9    Int:  9    God:
Gold:   150        SH:  0    Dex: 17    Spells: 3/3 levels left

rFire   . . .        Y - +3 shortbow
rCold   . . .        (shield currently unavailable)
rNeg    . . .        c - +0 leather armour
rPois   +            i - +0 helmet
rElec   .            (no cloak)
rCorr   .            (no gloves)
SInv    +            (no barding)
Will    .....        (no amulet)
Stlth   ++           (no ring)
HPRegen 0.26/turn    (no ring)
MPRegen 0.09/turn

%: no passive effects
@: very slow
A: AC +1, large, see invisible, deformed body, poison resistance, slowness 2,
spit poison 1, naga tail 1
a: Spit Poison


You were on level 3 of the Dungeon.
You visited 1 branch of the dungeon, and saw 3 of its levels.

You collected 150 gold pieces.


Innate Abilities, Weirdness & Mutations

Your serpentine skin is tough. (AC +1)
You have supernaturally acute eyesight. (SInv)
Armour fits poorly on your strangely shaped body.
Your system is resistant to poisons. (rPois)
You cover ground very slowly.
You can spit poison.
You have a snake-like lower body.


   Skills:
 + Level 2.5 Fighting
 - Level 5.0 Ranged Weapons
 - Level 1.5 Dodging
 - Level 1.5 Stealth


You had 3 spell levels left.
You didn't know any spells.
Your spell library was empty.

Inventory:

Hand Weapons
 Y - a +3 shortbow (weapon)
Armour
 c - a +0 leather armour (worn)
 i - a +0 helmet (worn)
Scrolls
 g - a scroll of identify
Potions
 d - a potion of curing {unknown}
 e - a potion of brilliance {unknown}
 f - a potion of invisibility {unknown}
 j - a potion of degeneration {unknown}

Dungeon Overview and Level Annotations

Branches:
Dungeon (3/15)

Altars:
Cheibriados

Annotations:
D:3 Ijyb


Message History

You shoot an arrow. The arrow hits the mummy!
The mummy is almost destroyed.
The mummy hits you.
You shoot an arrow. The arrow hits the mummy.
You destroy the mummy!
You start resting.
HP restored.
You now have 150 gold pieces (gained 4).
There is a broken door, spattered with blood here.
Found a trident.
Enter note:
Enter note: Ijyb the Twisted Goblin comes into view.
She is wielding a +0 club and carrying a wand of quicksilver (12).
You see here a +0 trident.
Enter note:
Enter note:
2149 ||| INVOKING Spit Poison.
Aiming: Spit Poison (1% risk of failure)
Press: ? - help, Shift-Dir - straight line, f - Ijyb The splash of poison hits Ijyb but does no damage.
Ijyb is poisoned.
Ijyb shouts!
You hear a shout!
Ijyb zaps a wand.
The bolt of dispelling energy hits you!
You shoot an arrow. The arrow hits Ijyb.
Ijyb is lightly wounded.
You start resting.
Ijyb is nearby!
You shoot an arrow. The arrow hits Ijyb.
Ijyb is heavily wounded.
Ijyb zaps a wand.
The bolt of dispelling energy hits you!
You shoot an arrow. The arrow hits Ijyb.
Ijyb is heavily wounded.
An orc comes into view. It is wielding a +0 dagger.
Ijyb zaps a wand.
The bolt of dispelling energy hits you!
You shoot an arrow. The arrow hits Ijyb.
Ijyb is severely wounded.
You have got your breath back.
Ijyb zaps a wand.
The bolt of dispelling energy hits you!
You die...

####.#####.....##
#.............. #.#
#.....#
#......######.. #.#
####### #......#
#%. #.# #..#.#.#
#.. #.# ###
#.###..# #.. ...
... #..#.#.# ...
... .. #.#.##.####
..
####g####..........
#o....@.....P#+##..
....#.######.P# 7
.. #..# ..7 #..# ..
.... . ..... .....#


You could see Ijyb (poisoned) and an orc.

Vanquished Creatures
  A mummy (D:3)
  An adder (D:2)
  A worm (D:2)
  A dart slug (D:3)
  6 endoplasms
  3 giant cockroaches
  3 goblins
  6 hobgoblins
  3 jackals (D:1)
  6 kobolds
  A quokka (D:1)
  3 ball pythons (D:1)
  5 bats
  A frilled lizard (D:1)
  5 rats
46 creatures vanquished.

Notes
Turn   | Place    | Note
-------+----------+-------------------------------------------
     0 | D:1      | qw the Naga Hunter began the quest for the Orb.
     0 | D:1      | Reached XP level 1. HP: 19/19 MP: 1/1
     0 | D:1      | 0 ||| qw: Version: 0.3-a-7-ge0c9b40
     0 | D:1      | 0 ||| qw: Game counter: 936
     0 | D:1      | 0 ||| qw: Always use a shield: true
     0 | D:1      | 0 ||| qw: God list: Okawaru
     0 | D:1      | 0 ||| qw: Allow faded altars: false
     0 | D:1      | 0 ||| qw: Do Orc after D:15 true
     0 | D:1      | 0 ||| qw: Do second Lair branch before Depths: true
     0 | D:1      | 0 ||| qw: Lair rune preference: random
     0 | D:1      | 0 ||| qw: Plans: Normal
     0 | D:1      | 0 ||| PLANNING D:1-11
    58 | D:1      | 58 ||| INVOKING Spit Poison.
    62 | D:1      | 62 ||| INVOKING Spit Poison.
   105 | D:1      | 105 ||| INVOKING Spit Poison.
   125 | D:1      | Reached skill level 4 in Ranged Weapons
   125 | D:1      | Reached XP level 2. HP: 26/26 MP: 2/2
   159 | D:1      | 159 ||| INVOKING Spit Poison.
   162 | D:1      | 162 ||| INVOKING Spit Poison.
   167 | D:1      | 167 ||| INVOKING Spit Poison.
   182 | D:1      | 182 ||| INVOKING Spit Poison.
   212 | D:1      | 212 ||| INVOKING Spit Poison.
   285 | D:1      | 285 ||| INVOKING Spit Poison.
   289 | D:1      | 289 ||| INVOKING Spit Poison.
   312 | D:1      | 312 ||| INVOKING Spit Poison.
   315 | D:1      | 315 ||| INVOKING Spit Poison.
   318 | D:1      | Reached XP level 3. HP: 32/32 MP: 3/3
   321 | D:1      | 321 ||| INVOKING Spit Poison.
   325 | D:1      | 325 ||| INVOKING Spit Poison.
   410 | D:1      | 410 ||| INVOKING Spit Poison.
   549 | D:1      | 549 ||| READING scroll labelled LIJEVU VAWIMAM.
   550 | D:1      | 550 ||| READING scroll labelled PEDEIV UDOAP.
   551 | D:1      | 551 ||| READING scroll labelled GUL CIFISKAN.
   552 | D:1      | 552 ||| READING 2 scrolls labelled UGYIKY EBYCLIN.
   553 | D:1      | 553 ||| READING scroll labelled GOAWNU WIFUS.
   558 | D:1      | 558 ||| READING scroll labelled HIOK GUCKUMOHAQE.
   659 | D:1      | 659 ||| DROPPING scroll of butterflies.
  1028 | D:2      | 1028 ||| INVOKING Spit Poison.
  1032 | D:2      | 1032 ||| INVOKING Spit Poison.
  1251 | D:2      | 1251 ||| INVOKING Spit Poison.
  1260 | D:2      | 1260 ||| INVOKING Spit Poison.
  1439 | D:2      | 1439 ||| INVOKING Spit Poison.
  1445 | D:2      | 1445 ||| INVOKING Spit Poison.
  1450 | D:2      | 1450 ||| INVOKING Spit Poison.
  1451 | D:2      | Reached skill level 5 in Ranged Weapons
  1452 | D:2      | Reached XP level 4. HP: 16/39 MP: 4/4
  1698 | D:2      | 1698 ||| UPGRADING to +0 helmet.
  1703 | D:2      | 1703 ||| READING 3 scrolls labelled QIJAT TEIPS.
  1704 | D:2      | 1704 ||| READING 2 scrolls of enchant weapon.
  1704 | D:2      | 1704 ||| ENCHANTING +1 shortbow.
  1705 | D:2      | 1705 ||| READING scroll of enchant weapon.
  1705 | D:2      | 1705 ||| ENCHANTING +2 shortbow.
  1706 | D:2      | 1706 ||| READING scroll labelled RINOBB NUEWY.
  1707 | D:2      | 1707 ||| READING 2 scrolls of identify.
  1707 | D:2      | 1707 ||| IDENTIFYING smoky ruby potion
  1708 | D:2      | 1708 ||| DROPPING potion of ambrosia.
  1890 | D:3      | 1890 ||| INVOKING Spit Poison.
  1914 | D:3      | 1914 ||| INVOKING Spit Poison.
  1969 | D:3      | Found a snail-covered altar of Cheibriados.
  1975 | D:3      | HP: 7/39 [mummy (4)]
  2148 | D:3      | Noticed Ijyb
  2149 | D:3      | 2149 ||| INVOKING Spit Poison.
  2153 | D:3      | HP: 3/40 [Ijyb/bolt of dispelling energy (13)]
  2154 | D:3      | Killed from afar by Ijyb

Levels and vault maps discovered:
D:1:      psy_arrival_fountain, layout_rooms, eino_curves_02
D:2:      layout_loops_corners, kennysheep_cluttered_room,
          minmay_fractal_squares_gapless_5
D:3:      corexii_shack_village, layout_loops_cross,
          mainiacjoe_overflow_small_starburst, chei_slow_surprise, uniq_ijyb

Skill      XL: |  1  2  3 |
---------------+----------+-----
Ranged Weapons | 4 5 |  5.0
Fighting       | |  2.5
Dodging        | |  1.5
Stealth        | |  1.5

Action                     |  1- 3 |  4- 6 || total
---------------------------+-------+-------++-------
   Fire: Shortbow          |    78 |    16 ||    94
Ability: Spit Poison       |    22 |     3 ||    25
    Use: Scroll            |     6 |     5 ||    11
 Armour: Leather armour    |     8 |     1 ||     9
  Dodge: Dodged            |    12 |     1 ||    13

Table legend:
 A = Non-vault XP
 B = Vault XP
 C = Vault XP percentage of total XP
 D = Non-vault monster count
 E = Vault monster count
 F = Vault count percentage of total count
                 A         B        C        D         E       F
            +---------+---------+-------+---------+---------+-------
      Total |      72 |      38 |  34.5 |      40 |       6 |  13.0
            +---------+---------+-------+---------+---------+-------
        D:1 |      49 |       0 |   0.0 |      29 |       0 |   0.0
        D:2 |      15 |      20 |  57.1 |       8 |       5 |  38.5
        D:3 |       8 |      18 |  69.2 |       3 |       1 |  25.0
            +---------+---------+-------+---------+---------+-------
